 Dungeon Crawl Stone Soup version 0.17-a0-1421-g95311d7 (webtiles) character file.

562 esc the Slasher (level 7, -1/93 HPs)
             Began as a Minotaur Berserker on June 24, 2015.
             Was a Believer of Trog.
             Slain by a worker ant (4 damage)
             ... on level 4 of the Dungeon.
             The game lasted 00:04:28 (1557 turns).

esc the Slasher (Minotaur Berserker)                Turns: 1557, Time: 00:04:28

Health: -1/93      AC:  4    Str: 27    XL:     7   Next: 10%
Magic:  6/6        EV: 13    Int:  4    God:    Trog [**....]
Gold:   107        SH:  0    Dex: 11    Spells: 0 memorised, 6 levels left

rFire  . . .     SeeInvis .     a - +0 falchion
rCold  . . .     Clarity  .     b - +0 animal skin
rNeg   . . .     SustAt   .     (no shield)
rPois  .         Gourm    .     (helmet restricted)
rElec  .         Spirit   .     (no cloak)
rCorr  .         Warding  .     i - +1 pair of gloves
rMut   .         Stasis   .     (no boots)
MR     ++...                    (no amulet)
Stlth  ..........               (no ring)
                                (no ring)

@: berserking, lethally poisoned (-1 -> -1), regenerating, very quick, very
resistant to hostile enchantments, extremely unstealthy
A: retaliatory headbutt, horns 2
a: Burn Spellbooks, Berserk, Trog's Hand, Renounce Religion


You were on level 4 of the Dungeon.
You worshipped Trog.
Trog was pleased with you.
You were hungry.

You visited 1 branch of the dungeon, and saw 3 of its levels.

You collected 107 gold pieces.

Inventory:

Hand weapons
 a - a +0 falchion (weapon)
Missiles
 r - 13 poisoned needles
 u - 7 tomahawks (quivered)
Armour
 b - a +0 animal skin (worn)
 g - a +0 buckler
   (You found it on level 1 of the Dungeon)
 i - a +1 pair of gloves (worn)
   (You found it on level 1 of the Dungeon)
 q - a +0 plate armour
   (You found it on level 2 of the Dungeon)
Jewellery
 j - an uncursed ring of teleportation {+/*tele, !d}
   (You found it on level 1 of the Dungeon)
Scrolls
 d - a scroll of enchant armour
 e - a scroll of teleportation
 m - a scroll of remove curse
 n - 2 scrolls of amnesia {unknown}
 p - a scroll of fog {unknown}
 s - a scroll of identify
 t - a scroll of random uselessness {unknown}
Potions
 l - a potion of brilliance
 o - a potion of degeneration {unknown}
Comestibles
 c - a bread ration {@e1}
 f - a chunk of flesh {@w0}
 h - 3 meat rations {@e2}
 k - a fruit


   Skills:
 + Level 5.7 Fighting
 + Level 5.8 Long Blades
 + Level 5.0 Armour
 + Level 4.6 Dodging


You had 6 spell levels left.
You didn't know any spells.

Dungeon Overview and Level Annotations

Branches:
Dungeon (4/15)
 Temple: D:4-7

Altars:
Makhleb
Xom


Innate Abilities, Weirdness & Mutations

You reflexively headbutt those who attack you in melee.
You have a pair of horns on your head.


Message History

You see here a club.
You see here a club.
A rat comes into view.
You regained 3 hp, and now have 37/41 hp.
The rat closely misses you. You furiously retaliate!
You headbutt the rat.
You kill the rat!
Trog accepts your kill.
No target in view!
No target in view!
No target in view!
No target in view!
No target in view!
No target in view!
No target in view!
No target in view!
No target in view!
No target in view!
No target in view!
No target in view!
No target in view!
You open the door.
You fall through a shaft for 2 floors!
The shaft crumbles and collapses.
An orc comes into view. It is wielding a falchion.
The orc shouts!
You hear a shout!
You hear a shout!
You regained 3 hp, and now have 40/41 hp.
Pikel the Slaver comes into view.
He is wielding a whip of flaming.
Pikel shouts!
Pikel says, "Slavery isn't that bad."
Health restored: 41 You hit the orc.
You kill the orc!
Trog accepts your kill. 2 slaves come into view.
The slave shouts!
A slave comes into view.
Things that are here:
a falchion; a chain mail Your skin crawls.
You feel resistant to hostile enchantments.
You feel slightly more hungry.
The slave shouts!
A worker ant and a slave come into view.
The slave shouts!
A scorpion comes into view.
A red film seems to cover your vision as you go berserk!
You feel yourself moving faster!
You feel mighty!
You feel somewhat more hungry.
The worker ant twitches its antennae in your direction.
The worker ant misses you.
The scorpion moves out of view.
Pikel hits you with a whip of flaming! Pikel burns you.
You now have 51/61 hp.
You completely miss Pikel. The worker ant bites you.
You take 5 damage, and have 46/61 hp.
You hit Pikel. Your headbutt misses Pikel.
Pikel says, "You'll fetch a fair price!"
Pikel hits you with a whip of flaming. Pikel burns you.
The worker ant bites you.
You are poisoned.
The worker ant poisons you!
You take 8 damage, and have 38/61 hp.
You are feeling hungry.
You slash Pikel!
You feel sick. Pikel hits you with a whip of flaming! Pikel burns you.
The slave hits you! The worker ant bites you.
* * * LOW HITPOINT WARNING * * *
You take 20 damage, and have 18/61 hp.
MASSIVE DAMAGE!!
You hit Pikel. The slave hits you.
* * * LOW HITPOINT WARNING * * *
Pikel hits you but does no damage.
You take 4 damage, and have 14/61 hp.
You barely miss Pikel.
The worker ant bites you but does no damage.
You slash Pikel!
You feel sick. The worker ant bites you.
* * * LOW HITPOINT WARNING * * *
The slave hits you but does no damage. Pikel hits you with a whip of flaming!
* * * LOW HITPOINT WARNING * * *
Pikel burns you.
* * * LOW HITPOINT WARNING * * *
You take 13 damage, and have 2/61 hp.
MASSIVE DAMAGE!!
You barely miss Pikel. The worker ant closely misses you.
You furiously retaliate!
You headbutt the worker ant! You slash Pikel!
You kill Pikel!
Trog accepts your kill.
Your Fighting skill increases to level 5!
Your Long Blades skill increases to level 5!
Your Armour skill gained 2 levels and is now at level 5!
Your Dodging skill increases to level 4!
You have reached level 5!
You have reached level 6!
Your experience leads to an increase in your attributes!
Your base attributes are Str 22, Int 4, Dex 10.
Increase (S)trength, (I)ntelligence, or (D)exterity?
You feel agile.
You have reached level 7!
With Pikel's spell broken, the former slaves thank you for their freedom.
Something hits the scorpion.
The worker ant bites you.
You die...

.. ..## ..
...## # #.
.... #.###.
... .....
... ...#.!#
#..#.#
#.)#a##
#..@pp#
#..p).#
#.####s....
..# ......
#.#. ....#
# # ....#
.... %...


You could see a scorpion, a worker ant and 3 neutral freed slaves.

Vanquished Creatures
  Pikel (D:4)
  Jessica (D:2)
  Terence (D:2)
  An adder (D:2)
  An ooze (D:1)
  An orc (D:4)
  2 ball pythons
  A giant cockroach (D:1)
  6 hobgoblins
  2 jackals (D:2)
  6 bats
  2 giant newts
  8 goblins
  4 kobolds
  5 rats
42 creatures vanquished.

Notes
Turn   | Place    | Note
--------------------------------------------------------------
     0 | D:1      | esc the Minotaur Berserker began the quest for the Orb.
     0 | D:1      | Reached XP level 1. HP: 19/19 MP: 0/0
   265 | D:1      | Reached XP level 2. HP: 27/27 MP: 1/1
   661 | D:2      | Noticed Jessica
   665 | D:2      | Killed Jessica
   665 | D:2      | Reached skill level 4 in Fighting
   665 | D:2      | Reached skill level 4 in Long Blades
   665 | D:2      | Reached skill level 3 in Armour
   665 | D:2      | Reached XP level 3. HP: 33/33 MP: 2/2
   699 | D:2      | Reached skill level 3 in Dodging
   820 | D:2      | Acquired Trog's second power
   916 | D:2      | Found a burning altar of Makhleb.
   916 | D:2      | Found a shimmering altar of Xom.
  1002 | D:2      | Reached XP level 4. HP: 21/40 MP: 3/3
  1197 | D:2      | Noticed Terence
  1220 | D:2      | Killed Terence
  1543 | D:2      | You fall through a shaft for 2 floors!
  1544 | D:4      | Noticed Pikel
  1546 | D:4      | Noticed a slave
  1546 | D:4      | Noticed a slave
  1547 | D:4      | Noticed a slave
  1548 | D:4      | Noticed a slave
  1553 | D:4      | HP: 14/61 [slave[Pikel] (5)]
  1555 | D:4      | HP: 5/61 [Pikel/whip of flaming (8)]
  1555 | D:4      | HP: 2/61 [Pikel/whip of flaming (3)]
  1557 | D:4      | Killed Pikel
  1557 | D:4      | Reached skill level 5 in Fighting
  1557 | D:4      | Reached skill level 5 in Long Blades
  1557 | D:4      | Reached skill level 5 in Armour
  1557 | D:4      | Reached skill level 4 in Dodging
  1557 | D:4      | Reached XP level 5. HP: 2/50 MP: 4/4
  1557 | D:4      | Reached XP level 6. HP: 2/57 MP: 5/5
  1557 | D:4      | Reached XP level 7. HP: 2/62 MP: 6/6
  1557 | D:4      | Slain by a worker ant

Vault maps used:
D:1:      dpeg_arrival_round_a
D:2:      gammafunk_temple_overflow_wave, uniq_terence, uniq_jessica
D:4:      first_bread, uniq_pikel

Action                   |  1- 3 |  4- 6 |  7- 9 || total
-------------------------+-------+-------+-------++-------
Melee: Falchion          |    60 |    31 |       ||    91
Invok: Berserk           |       |     2 |       ||     2
       Trog's Hand       |       |     1 |       ||     1
  Use: Scroll            |     4 |     1 |       ||     5
 Stab: Sleeping          |       |     1 |       ||     1
  Eat: Chunk             |       |     3 |       ||     3

Vault maps used:
D:1:      dpeg_arrival_round_a
D:2:      gammafunk_temple_overflow_wave, uniq_terence, uniq_jessica
D:4:      first_bread, uniq_pikel

Table legend:
 A = Turns spent in this place as a percentage of turns spent in the entire game.
 B = Non-inter-level travel turns spent in this place as a percentage of non-inter-level travel turns spent in the entire game.
 C = Inter-level travel turns spent in this place as a percentage of turns spent in this place.
 D = Turns resting spent in this place as a percentage of non-inter-level travel turns spent in this place.
 E = Turns spent auto-exploring this place as a percentage of non-inter-level travel turns spent in this place.
 F = Non-inter-level travel turns spent in this place divided by the number of levels of this place that you've seen.
                   A       B       C       D       E      F
               +-------+-------+-------+-------+-------+----------------------
         Total | 100.0 | 100.0 |   0.2 |   1.5 |  12.4 | 134.7
       Dungeon | 100.0 | 100.0 |   0.2 |   1.5 |  12.4 | 134.7
               +-------+-------+-------+-------+-------+----------------------

Table legend:
 A = Kills in this place as a percentage of kills in entire the game.
 B = Kills by you in this place as a percentage of kills by you in the entire game.
 C = Kills by friends in this place as a percentage of kills by friends in the entire game.
 D = Other kills in this place as a percentage of other kills in the entire game.
 E = Experience gained in this place as a percentage of experience gained in the entire game.
 F = Experience gained in this place divided by the number of levels of this place that you have seen.
                   A       B       C       D       E      F
               +-------+-------+-------+-------+-------+----------------------
         Total | 100.0 | 100.0 |  -nan |  -nan | 100.0 | 268.0
       Dungeon | 100.0 | 100.0 |  -nan |  -nan | 100.0 | 268.0
               +-------+-------+-------+-------+-------+----------------------
